 Dungeon Crawl Stone Soup version 0.30-a0-568-g124715a40b (webtiles) character file.

Game seed: 7047423179070427431

299 bande the Chopper (level 6, 0/38 HPs)
             Began as a Gargoyle Fighter on Dec 29, 2022.
             Killed by nerve-wracking pain
             ... invoked by an orc priest
              (4 damage)
             ... on level 4 of the Dungeon.
             The game lasted 00:05:04 (3475 turns).

bande the Chopper (Gargoyle Fighter)                Turns: 3475, Time: 00:05:05

Health: 0/38       AC: 14    Str: 20    XL:     6   Next: 36%
Magic:  0/6        EV:  9    Int:  8    God:
Gold:   245        SH:  4    Dex: 11    Spells: 5/5 levels left

rFire   . . .      SeeInvis .    a - +0 war axe
rCold   . . .      Faith    .    c - +0 buckler
rNeg    + . .      Spirit   +    b - +0 scale mail
rPois   ∞          Reflect  .    (no helmet)
rElec   +          Harm     .    k - +0 cloak
rCorr   .          Rampage  .    r - +0 pair of gloves
Will    .....                    (no boots) Stlth
                                 l - amulet of guardian spirit
HPRegen 0.26/turn                (no ring)
MPRegen 0.10/turn                (no ring)

@: slowed, very slow
A: sickness immunity, AC +4, negative energy resistance 1, electricity
resistance, torment resistance 1, petrification resistance
a: no special abilities


You were on level 4 of the Dungeon.
You visited 1 branch of the dungeon, and saw 4 of its levels.

You collected 245 gold pieces.

Inventory:

Hand Weapons
 a - a +0 war axe (weapon)
 o - a +0 flail
Armour
 b - a +0 scale mail (worn)
 c - a +0 buckler (worn)
 k - a +0 cloak (worn)
 r - a +0 pair of gloves (worn)
Jewellery
 f - a ring of fire
 l - an amulet of guardian spirit (around neck)
Scrolls
 q - a scroll of teleportation
Potions
 d - a potion of might
 e - 3 potions of curing
 g - a potion of heal wounds
 h - a potion of cancellation
 i - a potion of haste
 j - a potion of magic {unknown}
 m - a potion of flight {unknown}
 n - a potion of berserk rage {unknown}


   Skills:
 + Level 4.2 Fighting
 + Level 4.6 Axes
 + Level 4.4 Armour
 - Level 0.2 Dodging
 + Level 3.7 Shields


You had 5 spell levels left.
You didn't know any spells.
Your spell library contained the following spells:

 Spells                   Type           Power      Damage    Failure   Level
 Vhi's Electric Charge    Tloc/Air       0%         N/A       99%         3
 Arcjolt                  Conj/Air       0%         1d10      100%        5
 Yara's Violent Unravell  Hex/Tmut       0%         3d3       100%        5
 Enfeeble                 Hex            0%         N/A       100%        7
 Maxwell's Capacitive Co  Air            0%         ∞         100%        8


Dungeon Overview and Level Annotations

Branches:
Dungeon (4/15)
 Temple: D:4-7

Altars:

Annotations:
D:4 Natasha


Innate Abilities, Weirdness & Mutations

You are immune to sickness and miasma.
Your stone body is resilient. (AC +4)
You are immune to poison.
You resist negative energy. (rN+)
You are resistant to electric shocks. (rElec)
You are resistant to unholy torment.
You are immune to petrification.


Message History

You closely miss the orc priest.
The orc priest is heavily wounded.
Natasha hisses angrily.
You hit the orc priest. You closely miss the orc.
The orc priest hits you but does no damage.
The orc hits you with a +1 flail of holy wrath!
The orc priest looks encouraged for a moment.
Natasha casts a spell at you.
You feel yourself slow down.
You barely miss the orc priest.
The orc priest is heavily wounded.
You hit the orc priest. You completely miss the orc.
The orc priest hits you but does no damage.
The orc hits you but does no damage.
The orc priest hits you with a +0 trident.
* * * LOW HITPOINT WARNING * * *
The orc priest calls upon Beogh to heal the orc.
The orc's wounds heal themselves!
The orc priest hits you but does no damage.
You block the orc's attack. Natasha casts a spell at you.
You resist with some effort.
You closely miss the orc priest.
The orc priest is heavily wounded.
You barely miss the orc priest. You slash the orc!
You kill the orc!
The orc priest calls down the wrath of Beogh upon you.
Beogh smites you!
* * * LOW HITPOINT WARNING * * *
The orc priest hits you but does no damage.
Natasha growls.
You block the orc priest's attack. The orc priest barely misses you.
Unknown command.
Unknown command.
You closely miss the orc priest.
The orc priest is heavily wounded.
You barely miss the orc priest.
The orc priest mumbles some strange prayers to Beogh against you.
Pain shoots through your body!
You die...

.........).).....##.#
#.........#.....##......
... ..##....##..<#......
....##.....#....#......
#.. ##...........##...
..#..####.###..##.......
............#.#.........
...#.).................
#.o@..........##..>.
......o))h.......## ....
........#.....##. ....
.......##....... ....
....... ........ ....
....... .#..... .......
.##.... .... .......
..... .## .......
.......


You could see 2 orc priests and Natasha.

Vanquished Creatures
  2 orc priests (D:4)
  An iguana (D:4)
  An orc wizard (D:3)
  Natasha (D:4)
  5 adders
  A white imp (D:4)
  2 dart slugs
  17 orcs
  3 ball pythons
  9 bats
  4 endoplasms
  3 giant cockroaches
  13 goblins
  10 hobgoblins
  3 quokkas
  6 frilled lizards
  5 kobolds
  7 rats
93 creatures vanquished.

Notes
Turn   | Place    | Note
-------+----------+-------------------------------------------
     0 | D:1      | bande the Gargoyle Fighter began the quest for the Orb.
     0 | D:1      | Reached XP level 1. HP: 14/14 MP: 1/1
   144 | D:1      | Reached XP level 2. HP: 19/19 MP: 2/2
   563 | D:1      | Reached XP level 3. HP: 23/23 MP: 3/3
  1696 | D:3      | Reached XP level 4. HP: 29/29 MP: 4/4
  1802 | D:3      | Identified the +2 leather armour of the Nightingale {rC+}
  2241 | D:3      | Reached XP level 5. HP: 13/33 MP: 0/5
  2612 | D:3      | Found a faded altar of an unknown god.
  2765 | D:4      | Noticed Natasha
  2775 | D:4      | Killed Natasha
  3315 | D:3      | Reached XP level 6. HP: 38/38 MP: 6/6
  3471 | D:4      | Noticed Natasha
  3475 | D:4      | Killed from afar by an orc priest

Illustrated notes

Levels and vault maps discovered:
D:1:      matt_arrival_spirals, layout_loops_ring
D:2:      layout_loops_ring, minmay_pentomino_x4
D:3:      layout_basic, ebering_ecumenical_altar_webs
D:4:      layout_cave_pools, uniq_natasha

Skill      XL: |  1  2  3  4  5 |
---------------+----------------+-----
Axes           | 2 3 4 |  4.6
Armour         | 4 |  4.4
Fighting       | 4 |  4.2
Dodging        | |  0.2
Shields        | |  3.7

Action                   |  1- 3 |  4- 6 || total
-------------------------+-------+-------++-------
Melee: War axe           |   124 |   164 ||   288
  Use: Scroll            |     5 |     4 ||     9
Armor: Scale mail        |    77 |   125 ||   202
Dodge: Dodged            |    61 |    83 ||   144
Block: Buckler           |    31 |    25 ||    56

Table legend: (Time is in decaauts)
 A = Elapsed time spent in this place.
 B = Non-inter-level travel time spent in this place.
 C = Inter-level travel time spent in this place.
 D = Time resting spent in this place.
 E = Time spent auto-exploring this place.
 F = Levels seen in this place.
 G = Mean time per level.
                   A        B        C        D        E       F      G
               +--------+--------+--------+--------+--------+-----+--------+
         Total |   3588 |   3558 |     30 |    688 |   2140 |   4 |  897.0 |
       Dungeon |   3588 |   3558 |     30 |    688 |   2140 |   4 |  897.0 |
               +--------+--------+--------+--------+--------+-----+--------+

Top non-repeatable levels by time:
     D:3: 1480 daAuts
     D:1: 961 daAuts
     D:2: 619 daAuts
     D:4: 527 daAuts
